[Event "Early-Titled-Tuesday-Blitz-July-09-2024"]
[Site "Chess.com"]
[Date "2024.07.09"]
[Round "3"]
[White "baki83"]
[Black "Pitomina"]
[Result "1-0"]
[WhiteElo "2813"]
[BlackElo "2573"]
[TimeControl "180+1"]
[EndTime "8:29:21 PDT"]
[Termination "baki83 won by resignation"]

1. e4 e6 2. d4 d5 3. Nd2 Nf6 4. e5 Ne4 5. Bd3 Nxd2 6. Bxd2 c5 7. c3 cxd4 8. cxd4 Qb6 9. Bc3 Bd7 10. f4 Bb5 11. f5 Bxd3 12. Qxd3 exf5 13. Qxf5 Qe6 14. Qf3 f6 15. Nh3 fxe5 16. dxe5 Nc6 17. Nf4 Qf5 18. Nxd5 Qxf3 19. gxf3 O-O-O 20. O-O-O Bc5 21. Rhe1 Rhf8 22. f4 Ne7 23. Nxe7+ Bxe7 24. Rxd8+ Kxd8 25. Rf1 g6 26. Kd2 Kd7 27. Ke3 Ke6 28. Bd4 Kf5 29. Bc3 Bc5+ 30. Bd4 Bxd4+ 31. Kxd4 Rd8+ 32. Ke3 Rd5 33. Rc1 Rb5 34.
b3 g5 35. fxg5 Rxe5+ 36. Kd3 Kxg5 37. Rc7 Rb5 38. Rxh7 a5 39. Kc3 Rc5+ 40. Kd3 Rd5+ 41. Kc4 Rd2 42. a4 b6 43. Kb5 Rd6 44. Rb7 1-0

[Event "Early-Titled-Tuesday-Blitz-July-09-2024"]
[Site "Chess.com"]
[Date "2024.07.09"]
[Round "3"]
[White "Zavgorodniy_Sergiy"]
[Black "ArchibaldCerveza29"]
[Result "1-0"]
[WhiteElo "2656"]
[BlackElo "2429"]
[TimeControl "180+1"]
[EndTime "8:29:21 PDT"]
[Termination "Zavgorodniy_Sergiy won by checkmate"]

1. e4 e5 2. Nf3 Nc6 3. Nc3 Nf6 4.
d4 exd4 5. Nxd4 Bb4 6. Nxc6 bxc6 7. Bd3 O-O 8. O-O d5 9. exd5 cxd5 10. Na4 c6 11. c4 Bg4 12. Qc2 Re8 13. h3 Bh5 14. Bg5 h6 15. Bh4 Bd6 16. Rfe1 g5 17. Bg3 Bxg3 18. fxg3 g4 19. h4 Qd6 20. Kh2 Re5 21.
Rxe5 Qxe5 22. Rf1 Re8 23. Rf5 Qd6 24. cxd5 cxd5 25. Rf4 Kg7 26. Nc5 a5 27. Nb7 Qe5 28.
Nxa5 Qe1 29. Nc6 Ne4 30. Bxe4 dxe4 31. Nd4 Bg6 32. h5 Bxh5 33. Nf5+ Kh7 34. Nd6 Re6 35. Nxf7 Bg6 36. Qc7 Kg8 37. Nxh6+ Kh8 38. Rf8# 1-0

[Event "Early-Titled-Tuesday-Blitz-July-09-2024"]
[Site "Chess.com"]
[Date "2024.07.09"]
[Round "3"]
[White "patzer-reloaded"]
[Black "GM-2023"]
[Result "1-0"]
[WhiteElo "2360"]
[BlackElo "1805"]
[TimeControl "180+1"]
[EndTime "8:29:22 PDT"]
[Termination "patzer-reloaded won by checkmate"]

1. d4 d5 2. Bf4 Nc6 3. Nf3 Bf5 4.
a3 Nf6 5. e3 e6 6. c4 dxc4 7.
Bxc4 Bd6 8. Bg5 h6 9. Bh4 Qe7 10.
Nc3 O-O-O 11. Qa4 a6 12. Bxa6 bxa6 13. Qxc6 g5 14. Qxa6+ Kd7 15. Bg3 Bxg3 16. hxg3 Qd6 17. Qxd6+ cxd6 18. O-O d5 19. Ne5+ Ke7 20. Nc6+ Kd6 21.
Nxd8 Rxd8 22. Rfc1 Rh8 23. Nb5+ Ke7 24. Rc7+ Nd7 25.
Na7 e5 26. dxe5 Ke6 27. f4 gxf4 28. gxf4 h5 29. Rac1 h4 30. R1c6+ Ke7 31. Nc8+ Kf8 32. Nd6 Be6 33. Rc8+ Kg7 34. Rxh8 Kxh8 35. a4 h3 36.
gxh3 Bxh3 37. a5 Nb8 38. Rb6 Nd7 39. Rb7 Nc5 40. Rb8+ Kg7 41. b4 Na6 42. Rb6 Nc7 43. a6 Na8 44. Rb8 Nc7 45. a7 f6 46. exf6+ Kxf6 47. b5 Bd7 48. b6 d4 49. exd4 Bc6 50. bxc7 Ba8 51. c8=Q Bb7 52. Qf5+ Ke7 53. Qe5+ Kd7 54. Qe8+ Kxd6 55. Rd8+ Kc7 56. Qe7+ Kb6 57. Qc5+ Ka6 58.
Rd6+ Bc6 59. a8=Q# 1-0

[Event "Early-Titled-Tuesday-Blitz-July-09-2024"]
[Site "Chess.com"]
[Date "2024.07.09"]
[Round "3"]
[White "kadirsoria"]
[Black "Witik"]
[Result "1/2-1/2"]
[WhiteElo "2242"]
[BlackElo "2679"]
[TimeControl "180+1"]
[EndTime "8:29:24 PDT"]
[Termination "Game drawn by repetition"]

1. e4 c6 2. d4 d5 3. Nc3 dxe4 4. Nxe4 Nf6 5. Nxf6+ exf6 6. c3 Bd6 7. Bd3 O-O 8. Qc2 Re8+ 9. Ne2 h6 10. O-O Nd7 11.
Bf4 Nf8 12. Bxd6 Qxd6 13. Qd2 Ng6 14. Rfe1 Be6 15. Ng3 Qf4 16. Qxf4 Nxf4 17. Bc2 Bd5 18. f3 g6 19. b3 f5 20. Kf2 Kf8 21. Ne2 Nh5 22. g3 Rad8 23. Nf4 Nxf4 24. gxf4 Rxe1 25. Rxe1 a5 26. a3 Be6 27. Re5 b6 28. h4 Ke7 29.
Re1 Kf6 30. Ke3 c5 31. dxc5 bxc5 32. Rd1 Rb8 33. Rb1 Re8 34. Kf2 Rd8 35. Rd1 Rb8 36. Rb1 Ke7 37. b4 cxb4 38. cxb4 axb4 39. Rxb4 Rc8 40. Bb3 Bxb3 41. Rxb3 Rc2+ 42. Kg3 Ra2 43. Rb7+ Kf6 44. Rb6+ Kg7 45. Ra6 h5 46. Ra8 Kf6 47. Ra6+ Kg7 48. Ra7 Kf6 49. Ra6+ Kg7 1/2-1/2

[Event "Early-Titled-Tuesday-Blitz-July-09-2024"]
[Site "Chess.com"]
[Date "2024.07.09"]
[Round "3"]
[White "guillembaches"]
[Black "Ati1517"]
[Result "1-0"]
[WhiteElo "2536"]
[BlackElo "2072"]
[TimeControl "180+1"]
[EndTime "8:29:24 PDT"]
[Termination "guillembaches won on time"]

1. e4 c5 2. Nf3 d6 3. d4 cxd4 4. Nxd4 Nf6 5. Nc3 a6 6. Be2 e5 7. Nb3 Be7 8. O-O O-O 9. a4 Be6 10. Bf3 Nbd7 11. Be3 Rc8 12. a5 Nc5 13. Nd2 Ncd7 14.
Nd5 Nxd5 15. exd5 Bf5 16. c4 Nc5 17. b4 Nd3 18. Qb3 Nf4 19. Bxf4 exf4 20. Rac1 g5 21. Rfe1 g4 22. Be4 Bxe4 23. Rxe4 Bg5 24. Qd3 Qf6 25. Rce1 Kg7 26. Nb3 Qg6 27. Nd4 Bf6 28. Ne2 Be5 29. c5 dxc5 30. bxc5 Rxc5 31. Nxf4 Qg5 32. Rxe5 Qxf4 33.
Rh5 h6 34. g3 Qc4 35. Qf5 Qxd5 36. Qxg4+ 1-0

[Event "Early-Titled-Tuesday-Blitz-July-09-2024"]
[Site "Chess.com"]
[Date "2024.07.09"]
[Round "3"]
[White "yaguigor"]
[Black "AlexandraSamaganova"]
[Result "1-0"]
[WhiteElo "2600"]
[BlackElo "2371"]
[TimeControl "180+1"]
[EndTime "8:29:25 PDT"]
[Termination "yaguigor won on time"]

1. Nf3 c5 2. e4 e6 3. d4 cxd4 4. Nxd4 a6 5. Bd3 Bc5 6. Nb3 Be7 7. Qg4 g6 8. Qe2 d6 9. O-O Nc6 10. c4 Bf6 11. Nc3 Nge7 12. Bh6 Ng8 13. Be3 Nge7 14.
Rac1 O-O 15. f4 Bg7 16. Rfd1 Bd7 17. Qf2 Nc8 18. c5 Nb4 19. Bb1 d5 20. a3 Nc6 21.
exd5 exd5 22. Nxd5 Re8 23. h3 N6e7 24. Nb6 Nxb6 25.
cxb6 Rc8 26. Nc5 Rxc5 27. Bxc5 Nc6 28. Qd2 Be6 29. Qxd8 Rxd8 30. Rxd8+ Nxd8 31. Be4 Bf8 32. b4 Kg7 33. Bd4+ 1-0

[Event "Early-Titled-Tuesday-Blitz-July-09-2024"]
[Site "Chess.com"]
[Date "2024.07.09"]
[Round "3"]
[White "Sasha_Solovev_777"]
[Black "ShimogaTactician"]
[Result "1-0"]
[WhiteElo "2305"]
[BlackElo "2536"]
[TimeControl "180+1"]
[EndTime "8:29:25 PDT"]
[Termination "Sasha_Solovev_777 won by resignation"]

1. e4 c5 2. Nf3 d6 3. d4 cxd4 4.
Nxd4 Nf6 5. Nc3 a6 6. Be3 e5 7. Nb3 Be6 8. f3 Be7 9. Qd2 O-O 10. O-O-O b5 11. g4 b4 12. Nd5 Bxd5 13. exd5 a5 14. Kb1 a4 15. Nc1 Qa5 16. h4 Na6 17. h5 Nd7 18. g5 f5 19. gxf6 Bxf6 20. Bh3 Nb6 21.
Be6+ Kh8 22. Bxb6 Qxb6 23. h6 g6 24. Rhg1 Nc5 25. Nd3 b3 26. cxb3 axb3 27. a3 Nxd3 28. Qxd3 e4 29. fxe4 Qf2 30. Qd2 Qf3 31. Qd3 Qf4 32.
Rdf1 Qe5 33. Rxf6 Qxf6 34. Qxb3 Rfb8 35. Qc2 Rxa3 36. Rc1 Raa8 37. Qc3 Rf8 38. Qxf6+ Rxf6 39. Rc6 Rd8 40. b4 g5 41. b5 Rxh6 42. b6 Rb8 43.
Rc8+ Rxc8 44. Bxc8 1-0

[Event "Early-Titled-Tuesday-Blitz-July-09-2024"]
[Site "Chess.com"]
[Date "2024.07.09"]
[Round "3"]
[White "Ganziitoo"]
[Black "BashirliSaadat"]
[Result "0-1"]
[WhiteElo "2071"]
[BlackElo "2398"]
[TimeControl "180+1"]
[EndTime "8:29:25 PDT"]
[Termination "BashirliSaadat won by checkmate"]

1. e4 c6 2. d4 d5 3. e5 c5 4.
c3 cxd4 5. cxd4 Nc6 6. Bb5 Bf5 7.
Nc3 e6 8. Nge2 Ne7 9. O-O Ng6 10. Ng3 Nh4 11. Qa4 Qb6 12. Bg5 Be7 13. Bxh4 Bxh4 14. Nxf5 exf5 15. Nxd5 Qd8 16. Bxc6+ bxc6 17. Qxc6+ Kf8 18.
Rac1 g6 19. e6 Kg7 20. Qb7 Qf8 21. Rc7 Kh6 22. Rxf7 Qd6 23. g3 Bg5 24. Rd7 Qxe6 25. h4 Bd2 26. Rd1 Rab8 27. Qc7 Rbc8 28. Qd6 Qe2 29.
Rxd2 Rc1+ 30. Kg2 Qf1+ 31. Kf3 Qh1+ 32. Ke2 Qe1+ 33. Kf3 Qe4# 0-1

[Event "Early-Titled-Tuesday-Blitz-July-09-2024"]
[Site "Chess.com"]
[Date "2024.07.09"]
[Round "3"]
[White "Akewjon"]
[Black "aquarium76"]
[Result "1/2-1/2"]
[WhiteElo "2750"]
[BlackElo "3015"]
[TimeControl "180+1"]
[EndTime "8:29:26 PDT"]
[Termination "Game drawn by repetition"]

1. e4 e5 2. Nf3 Nc6 3. Bc4 Nf6 4. Ng5 d5 5. exd5 b5 6. Bxb5 Qxd5 7. Nc3 Qxg2 8. Qf3 Qxf3 9. Nxf3 Bd7 10. d3 Nb4 11.
Bxd7+ Nxd7 12. Kd1 Nc6 13. Be3 f5 14. Re1 Bd6 15.
Nd2 O-O-O 16. Nc4 Nb6 17. Nxd6+ Rxd6 18. Kc1 f4 19. Bxb6 axb6 20. Rg1 Rh6 21. Ne4 Rxh2 22.
b3 g6 23. Kb2 Nd4 24. a4 Nf3 25. Rgf1 g5 26. a5 Kb7 27. axb6 cxb6 28. Ra4 Ra8 29. Nd6+ Kb8 30. Rc4 Ra5 31. Rc8+ Ka7 32. Rc7+ Kb8 33. Rc8+ Ka7 34. Rc7+ Kb8 35. Rc8+ 1/2-1/2

[Event "Early-Titled-Tuesday-Blitz-July-09-2024"]
[Site "Chess.com"]
[Date "2024.07.09"]
[Round "3"]
[White "EsmeraldasAnderson03"]
[Black "abelmat"]
[Result "1-0"]
[WhiteElo "2537"]
[BlackElo "2123"]
[TimeControl "180+1"]
[EndTime "8:29:28 PDT"]
[Termination "EsmeraldasAnderson03 won on time"]

1. d4 d5 2. c4 e6 3. cxd5 exd5 4. Nc3 Nf6 5. Bg5 Be7 6. e3 O-O 7. Nf3 Nbd7 8. Bd3 c6 9. O-O Re8 10. Qc2 Nf8 11. Rab1 a5 12. a3 Bg4 13. Ne5 Bh5 14. b4 axb4 15. axb4 Bg6 16. b5 Bxd3 17. Qxd3 c5 18. dxc5 Bxc5 19. Nf3 Ra3 20. Qd2 Re6 21. Bxf6 Rxf6 22. Nxd5 Rg6 23. Rfd1 Qe8 24. Nf4 Rh6 25. Qd8 Qe4 26. Qc8 Bd6 27. Ra1 Rxa1 28. Rxa1 Bxf4 29. exf4 Re6 30. h3 h6 31. Ra8 Qb4 32. Ne5 g6 33. g3 g5 34. Nd7 Qe1+ 35. Kg2 Qe4+ 36. Kh2 1-0

[Event "Early-Titled-Tuesday-Blitz-July-09-2024"]
[Site "Chess.com"]
[Date "2024.07.09"]
[Round "3"]
[White "AlainBruxelles"]
[Black "dey2580"]
[Result "1/2-1/2"]
[WhiteElo "2267"]
[BlackElo "2478"]
[TimeControl "180+1"]
[EndTime "8:29:28 PDT"]
[Termination "Game drawn by repetition"]

1. e4 e6 2. d4 d5 3. Nc3 Nf6 4. e5 Nfd7 5. f4 c5 6. Nf3 Nc6 7. Be3 b6 8. Ne2 Ba6 9. c3 Rc8 10.
Ng3 Bxf1 11. Rxf1 Qc7 12. f5 cxd4 13. cxd4 Bb4+ 14. Kf2 O-O 15. Rc1 Qb8 16. Kg1 Ne7 17. Rxc8 Qxc8 18. a3 Ba5 19. fxe6 fxe6 20. b4 Qc3 21. Bd2 Qxa3 22. bxa5 bxa5 23. Ng5 Qd3 24. Nxe6 Rxf1+ 25. Nxf1 Nf5 26. Qg4 g6 27. Bxa5 Qxf1+ 28. Kxf1 Ne3+ 29. Ke2 Nxg4 30. h3 Nh6 31. Nc7 Nf5 32.
Kd3 Ne7 33. g4 Nb8 34. Bb4 Nbc6 35. Bxe7 Nxe7 36. Kc3 Kf7 37. Kb4 a5+ 38. Kc5 a4 39. Nb5 Ke6 40. Nc7+ Kd7 41. Nb5 Ke6 42. Nc7+ Kd7 43.
Nb5 Ke6 1/2-1/2

[Event "Early-Titled-Tuesday-Blitz-July-09-2024"]
[Site "Chess.com"]
[Date "2024.07.09"]
[Round "3"]
[White "Smiechu"]
[Black "oykuince"]
[Result "1-0"]
[WhiteElo "2455"]
[BlackElo "2098"]
[TimeControl "180+1"]
[EndTime "8:29:28 PDT"]
[Termination "Smiechu won by resignation"]

1. e4 c5 2. Nf3 Nc6 3. d4 cxd4 4.
Nxd4 g6 5. Nc3 Bg7 6. Be3 Nf6 7. Bc4 O-O 8. Bb3 d6 9. f3 Na5 10. Qd2 Bd7 11. h4 h5 12. O-O-O Nxb3+ 13. axb3 Qb8 14.
g4 b5 15. gxh5 Nxh5 16. Nd5 Re8 17. Bh6 e6 18. Bxg7 Kxg7 19. Ne3 Qb6 20. Rhg1 a5 21. Ng4 Rh8 22. Qg5 a4 23. bxa4 Rxa4 24. Nb3 Rc4 25. Qe7 Rd8 26. Qxd6 Rc6 27. Qe5+ f6 28. Qd4 Qc7 29.
Qd2 Nf4 30. Kb1 e5 31. h5 g5 32. Ne3 Qa7 33. Nf5+ Kh7 34. Ne7 Ra8 35. Qxd7 Qa2+ 36. Kc1 Ne2+ 37. Kd2 Rxc2+ 38. Kxc2 Nd4+ 39. Rxd4 exd4 40. Nf5+ 1-0

[Event "Early-Titled-Tuesday-Blitz-July-09-2024"]
[Site "Chess.com"]
[Date "2024.07.09"]
[Round "3"]
[White "Dewarfd"]
[Black "Senn71"]
[Result "0-1"]
[WhiteElo "2064"]
[BlackElo "2396"]
[TimeControl "180+1"]
[EndTime "8:29:28 PDT"]
[Termination "Senn71 won by checkmate"]

1. Nf3 d5 2. b3 Nf6 3. Bb2 c6 4. c4 Bf5 5. e3 e6 6. d4 Nbd7 7. Bd3 Bg6 8. Nc3 Bd6 9. Nh4 Qe7 10. Nxg6 hxg6 11. h3 g5 12. a3 g4 13. e4 dxe4 14.
Nxe4 Nxe4 15. Bxe4 gxh3 16. Rxh3 Rxh3 17. gxh3 O-O-O 18. Qe2 Bf4 19. Qf3 Qg5 20. Rd1 Nf6 21. Bc2 Qh6 22. d5 exd5 23. cxd5 Nxd5 24. Bf5+ Kb8 25. Be4 Re8 26. Kf1 Nf6 27. Bxc6 bxc6 28. Bxf6 Qxf6 29.
Qxc6 Qxc6 30. Rd3 Qh1# 0-1

[Event "Early-Titled-Tuesday-Blitz-July-09-2024"]
[Site "Chess.com"]
[Date "2024.07.09"]
[Round "3"]
[White "Resourchess"]
[Black "GMT4114"]
[Result "1-0"]
[WhiteElo "2371"]
[BlackElo "1933"]
[TimeControl "180+1"]
[EndTime "8:29:28 PDT"]
[Termination "Resourchess won by resignation"]

1. d4 e6 2. c4 f5 3. Nc3 Nf6 4. Bg5 Bb4 5. e3 b6 6. Nf3 Bb7 7. Be2 O-O 8. O-O Bxc3 9. bxc3 d6 10. Nd2 e5 11. c5 Nbd7 12. cxd6 cxd6 13. Nc4 Qe7 14.
f3 Rac8 15. Rc1 h6 16. Bh4 Bd5 17. Qa4 Qe6 18. Nd2 Rc7 19. c4 Bc6 20. Qd1 d5 21. Bg3 g5 22. dxe5 Nxe5 23. cxd5 Nxd5 24. Bf2 Rfc8 25.
Nb3 Bb7 26. Nd4 Qf7 27. Rxc7 Rxc7 28. Qa1 Nc4 29. Nb5 Re7 30. Bxc4 a6 31. Nd6 Qe6 32.
Nxb7 Rxb7 33. Rd1 b5 34. Bxd5 1-0

[Event "Early-Titled-Tuesday-Blitz-July-09-2024"]
[Site "Chess.com"]
[Date "2024.07.09"]
[Round "3"]
[White "LewAnatol"]
[Black "chess_peak"]
[Result "0-1"]
[WhiteElo "2181"]
[BlackElo "2540"]
[TimeControl "180+1"]
[EndTime "8:29:29 PDT"]
[Termination "chess_peak won on time"]

1. e4 c5 2. Nf3 Nc6 3. d4 cxd4 4. Nxd4 Nf6 5. Nc3 d6 6. Bg5 e6 7. f4 a6 8. Qd2 Bd7 9. O-O-O Be7 10. Bxf6 Bxf6 11.
Nce2 Qb6 12. Nb3 Be7 13. e5 d5 14. g4 g5 15. Ned4 gxf4 16. Nxc6 bxc6 17. Qxf4 c5 18. Rd2 Rb8 19. c3 a5 20. Bg2 a4 21. Na1 a3 22.
b3 c4 23. Rf1 Rf8 24. g5 Ba4 25. Kd1 Bb5 26. Rff2 cxb3 27. axb3 Qc6 28. Rc2 Ba6 29. h4 Bc5 0-1

[Event "Early-Titled-Tuesday-Blitz-July-09-2024"]
[Site "Chess.com"]
[Date "2024.07.09"]
[Round "3"]
[White "KorolDimitriy75"]
[Black "Navyblue1"]
[Result "0-1"]
[WhiteElo "2388"]
[BlackElo "2130"]
[TimeControl "180+1"]
[EndTime "8:29:29 PDT"]
[Termination "Navyblue1 won on time"]

1. d4 Nf6 2. c4 g6 3. Nc3 Bg7 4. e4 d6 5. Nf3 O-O 6. Be2 Qe8 7. O-O e5 8. dxe5 dxe5 9. Be3 b6 10.
h3 Nc6 11. Nd5 Qd8 12. Qc2 Nxd5 13. cxd5 Nd4 14. Nxd4 exd4 15. Bf4 Bb7 16. Qxc7 Qxc7 17. Bxc7 Rfe8 18. Bf3 Re7 19. d6 Re6 20. d7 Bf6 21.
Rac1 Bxe4 22. Bxe4 Rxe4 23. Rfd1 Kg7 24. Be5 Rxe5 25.
Rc8 Rd5 26. Rxa8 Rxd7 27. Rd3 Be5 28. g3 f6 29. f4 Bd6 30. Kg2 Bc5 31. Kf3 Re7 0-1

[Event "Early-Titled-Tuesday-Blitz-July-09-2024"]
[Site "Chess.com"]
[Date "2024.07.09"]
[Round "3"]
[White "mouseslips_are_the_best"]
[Black "Lady_Nika"]
[Result "1-0"]
[WhiteElo "2324"]
[BlackElo "2515"]
[TimeControl "180+1"]
[EndTime "8:29:30 PDT"]
[Termination "mouseslips_are_the_best won by resignation"]

1. e4 b6 2. d4 Bb7 3. Bd3 e6 4. Nf3 d5 5. e5 c5 6. c3 Nc6 7. O-O Nge7 8. Na3 cxd4 9. cxd4 Ng6 10. Nc2 Be7 11. g3 a6 12. h4 b5 13. Re1 Nf8 14. Kg2 Nd7 15. Be3 Nb4 16. Nxb4 Bxb4 17. Bd2 Be7 18. h5 h6 19. Rc1 Nb6 20. b3 b4 21. Qe2 Qd7 22. Rc2 O-O 23. Rcc1 a5 24. Bb1 Ba6 25. Qe3 a4 26. Qf4 f5 27.
exf6 Rxf6 28. Qg4 Raf8 29. Bf4 Bd6 30. Ne5 Qb7 31. Ng6 Bxf4 32. gxf4 Re8 33. f5 axb3 34. axb3 Qb8 35. fxe6 Qd6 36. Ne5 Qxe6 37. Qxe6+ Rfxe6 38. Bg6 Rc8 39. Bf7+ Kf8 40. Bxe6 Rxc1 41. Rxc1 Ke7 42. Rc6 1-0

[Event "Early-Titled-Tuesday-Blitz-July-09-2024"]
[Site "Chess.com"]
[Date "2024.07.09"]
[Round "3"]
[White "HajiyevKanan"]
[Black "kripri"]
[Result "0-1"]
[WhiteElo "2553"]
[BlackElo "2335"]
[TimeControl "180+1"]
[EndTime "8:29:32 PDT"]
[Termination "kripri won by checkmate"]

1. c4 Nf6 2. Nf3 c5 3. e3 Nc6 4. Be2 d5 5. cxd5 Nxd5 6. O-O g6 7. a3 Bg7 8. d3 O-O 9. Qc2 Qd6 10. Rd1 b6 11. Nbd2 Bb7 12. Rb1 Rac8 13. Nc4 Qd7 14. Bd2 Rfd8 15. Be1 b5 16. Na5 Ba8 17. Nb3 Ne5 18.
Nxc5 Rxc5 19. Qxc5 Rc8 20. Nxe5 Bxe5 21. Qxc8+ Qxc8 22. Rdc1 Qb8 23. h3 Kg7 24. d4 Bd6 25. b4 a6 26. Bd2 Nf6 27. Rb2 Ne4 28. Be1 Qd8 29. Rbc2 Bb8 30. Rc8 Qd6 31. g3 Ng5 32. h4 Nf3+ 33.
Kf1 Nh2+ 34. Kg1 Qd5 35. f3 Nxf3+ 36. Kf2 Nxh4 37. e4 Qxe4 38. Rxb8 Qxd4+ 39. Kf1 Bg2# 0-1

[Event "Early-Titled-Tuesday-Blitz-July-09-2024"]
[Site "Chess.com"]
[Date "2024.07.09"]
[Round "3"]
[White "chipmunknau"]
[Black "sergoy"]
[Result "0-1"]
[WhiteElo "2712"]
[BlackElo "2935"]
[TimeControl "180+1"]
[EndTime "8:29:33 PDT"]
[Termination "sergoy won on time"]

1. d4 Nf6 2. Nf3 e6 3. g3 b6 4. Bg2 Bb7 5. O-O Be7 6. b3 O-O 7.
Bb2 c5 8. c4 cxd4 9. Qxd4 Nc6 10. Qf4 d5 11. Rd1 Qb8 12. Nbd2 Qxf4 13. gxf4 Rac8 14.
e3 Rfd8 15. cxd5 Nxd5 16. Nc4 f6 17. Rac1 Kf7 18. a3 b5 19. Ncd2 a5 20. Ne4 a4 21.
b4 Nb6 22. Nc5 Bxc5 23. Rxd8 Rxd8 24. Rxc5 Rd1+ 25. Bf1 Ne7 26. Nd4 Nc4 27. Bc3 Be4 28.
Rc7 Bd3 29. Nc6 Rxf1+ 30. Kg2 Be4+ 31. Kxf1 Bxc6 32. Bd4 Ke8 33. Bc5 Bd7 34. e4 Nxa3 35. Ra7 Nc4 36. Ke2 Nc8 37. Ra6 Kd8 38. f3 Kc7 0-1

[Event "Early-Titled-Tuesday-Blitz-July-09-2024"]
[Site "Chess.com"]
[Date "2024.07.09"]
[Round "3"]
[White "Noki102"]
[Black "familijatop71"]
[Result "1-0"]
[WhiteElo "2522"]
[BlackElo "2317"]
[TimeControl "180+1"]
[EndTime "8:29:34 PDT"]
[Termination "Noki102 won on time"]

1. Nc3 d5 2. e4 dxe4 3. Nxe4 Qd5 4. Qf3 Nc6 5. Ne2 e5 6. N2c3 Qa5 7. Bc4 Be6 8. Bxe6 fxe6 9. Ng5 O-O-O 10. Nxe6 Nd4 11.
Nxd4 exd4 12. Ne4 Nf6 13. Nxf6 gxf6 14. O-O Bd6 15. d3 h5 16. Bf4 h4 17. Bxd6 Rxd6 18. Rfe1 h3 19. g3 a6 20. Re2 Qb5 21. b3 Qc5 22. Rae1 Kb8 23. Re8+ Rxe8 24. Rxe8+ Ka7 25. Qe2 f5 26. Rh8 f4 27. Rxh3 fxg3 28. hxg3 Qd5 29. Rh5 Qf7 30. Rh4 Re6 31. Re4 Rxe4 32. Qxe4 c5 33.
a4 Qh5 34. Kg2 Qd1 35. g4 Qxc2 36. g5 Qxb3 37. g6 Qg8 38. Qf5 1-0

[Event "Early-Titled-Tuesday-Blitz-July-09-2024"]
[Site "Chess.com"]
[Date "2024.07.09"]
[Round "3"]
[White "zsizsi99"]
[Black "seasidesunset"]
[Result "0-1"]
[WhiteElo "2534"]
[BlackElo "2292"]
[TimeControl "180+1"]
[EndTime "8:29:35 PDT"]
[Termination "seasidesunset won by resignation"]

1. e4 c5 2. Nf3 d6 3. Bb5+ Nd7 4. O-O a6 5. Bd3 Ngf6 6. c3 g6 7. Bc2 Bg7 8. Re1 O-O 9. d4 cxd4 10. cxd4 e5 11.
d5 Qc7 12. Nc3 b5 13. b4 Qxc3 14. Bd2 Qc7 15. Bd3 Nb6 16. Qe2 Bg4 17. Rec1 Qb7 18. Rc6 Bd7 19. Rxd6 Qc7 20. Rxb6 Qxb6 21. Be3 Qb8 22.
Bc5 Rc8 23. Qb2 Re8 24. h3 Bf8 25. Be3 Bd6 26. g4 Qb7 27. Kg2 Rac8 28. Kg3 h5 29. g5 Nh7 30. h4 Rcd8 31. Nd2 Bc8 32. f3 Qd7 33. Kf2 Qh3 34. Rg1 Qxh4+ 35. Kf1 Bh3+ 36.
Ke2 Rc8 37. Bf2 Qf4 38. Rh1 Nxg5 39. Be3 Qg3 40. Bxg5 Qg2+ 41. Ke3 Qxg5+ 0-1

[Event "Early-Titled-Tuesday-Blitz-July-09-2024"]
[Site "Chess.com"]
[Date "2024.07.09"]
[Round "3"]
[White "glebus008"]
[Black "boguszp"]
[Result "1-0"]
[WhiteElo "2384"]
[BlackElo "1951"]
[TimeControl "180+1"]
[EndTime "8:29:35 PDT"]
[Termination "glebus008 won by resignation"]

1. e4 e6 2. d4 d5 3. e5 c5 4.
c3 Nc6 5. Nf3 Bd7 6. Be3 Rc8 7.
Nbd2 Qb6 8. Qb3 c4 9. Qxb6 axb6 10. a3 b5 11. Be2 Nge7 12. O-O Nf5 13. Bg5 h6 14.
Bf4 g5 15. Bg3 Bg7 16. Bd1 O-O 17. Bc2 Nxg3 18. hxg3 f6 19. exf6 Bxf6 20. Rfe1 Rce8 21. Re2 e5 22. dxe5 Nxe5 23. Nxe5 Rxe5 24. Rae1 Rfe8 25.
Rxe5 Rxe5 26. Rxe5 Bxe5 27. Nf3 Bf6 28. Nd4 Kf7 29.
Bf5 Be8 30. Be6+ Ke7 31. Bxd5 Bxd4 32. cxd4 Bc6 33. Bxc6 bxc6 34. f4 gxf4 35. gxf4 h5 36. Kf2 Kd6 37. Ke3 Kd5 38. g3 Kd6 39. Ke4 Ke6 40.
f5+ Kf6 41. Kf4 Ke7 42. Kg5 Kd6 43. f6 Ke6 44. Kg6 Kd5 45. f7 Kxd4 46. f8=Q Kd3 47. Qf3+ Kc2 48. Qxc6 Kxb2 49. Qxb5+ Kc3 50. Qxc4+ Kxc4 51. Kxh5 Kb3 52. g4 Kxa3 53. g5 Kb4 54. g6 Kc4 55. g7 Kd4 56. g8=Q 1-0

[Event "Early-Titled-Tuesday-Blitz-July-09-2024"]
[Site "Chess.com"]
[Date "2024.07.09"]
[Round "3"]
[White "DarkPassenger007"]
[Black "anderson2361"]
[Result "0-1"]
[WhiteElo "2273"]
[BlackElo "2018"]
[TimeControl "180+1"]
[EndTime "8:29:35 PDT"]
[Termination "anderson2361 won by resignation"]

1. e4 c5 2. Nf3 Nc6 3. d4 cxd4 4. Nxd4 Nf6 5. Nc3 e5 6. Ndb5 d6 7. Nd5 Nxd5 8. exd5 Nb8 9. g4 Be7 10. h4 a6 11. Nc3 Nd7 12. g5 O-O 13. Be3 f6 14. gxf6 Nxf6 15. Bd3 Ng4 16. Bg5 h6 17. Bxe7 Qxe7 18.
f3 Nf6 19. Qd2 Nh5 20. O-O-O Nf4 21. Rdg1 b5 22. Ne4 Bb7 23. Bf1 Bxd5 24. Kb1 a5 25. c3 b4 26. Rg4 Bxe4+ 27. fxe4 bxc3 28. Qxc3 Rfc8 29. Bc4+ Kh8 30. Rhg1 Nh5 31. Qf3 Rc7 32. b3 Qf6 33. Qxf6 Nxf6 34. Rg6 Nxe4 35. Rxd6 Nxd6 0-1

[Event "Early-Titled-Tuesday-Blitz-July-09-2024"]
[Site "Chess.com"]
[Date "2024.07.09"]
[Round "3"]
[White "tptagain"]
[Black "AcostaPablo"]
[Result "0-1"]
[WhiteElo "3046"]
[BlackElo "2697"]
[TimeControl "180+1"]
[EndTime "8:29:36 PDT"]
[Termination "AcostaPablo won by resignation"]

1. d4 Nf6 2. Nf3 e6 3. Bg5 Be7 4. Nbd2 d5 5. e3 O-O 6. Bd3 Nbd7 7. c3 b6 8. O-O Bb7 9. h3 Ne4 10. Bf4 c5 11. a4 f5 12. a5 c4 13. Bxe4 fxe4 14.
Ne5 bxa5 15. Qg4 Rf6 16. Nxd7 Qxd7 17. Rxa5 Rg6 18. Qh5 Bd8 19. Raa1 Bb6 20. Be5 Rf8 21. f4 Bc6 22. Qd1 Qe7 23. Kh2 Qh4 24. Qe1 Qh5 25. Qf2 Rh6 26. Rfb1 g5 27. Qg3 Rg6 28. Qg4 Qxg4 29. hxg4 gxf4 30. Bxf4 Rxg4 31. b3 cxb3 32. Rxb3 Rgxf4 33. exf4 Rxf4 34. Rf1 Rh4+ 35. Kg1 Rg4 36. Re1 Rg3 37. Nf1 Bxd4+ 38. Kh2 Rxc3 39. Rb8+ Kg7 40. Re2 Be5+ 41. g3 Bxb8 0-1

[Event "Early-Titled-Tuesday-Blitz-July-09-2024"]
[Site "Chess.com"]
[Date "2024.07.09"]
[Round "3"]
[White "KNVB"]
[Black "EdenDzung06"]
[Result "0-1"]
[WhiteElo "2660"]
[BlackElo "2468"]
[TimeControl "180+1"]
[EndTime "8:29:36 PDT"]
[Termination "EdenDzung06 won on time"]

1. d4 Nf6 2. Bf4 e6 3. e3 b6 4. Nf3 Bb7 5. h3 Be7 6. a4 a5 7.
Bh2 O-O 8. Be2 d6 9. Na3 Re8 10. O-O Bf8 11. Re1 Nbd7 12. Bf1 Qe7 13. Nb5 Nb8 14.
c3 Na6 15. Nd2 e5 16. e4 exd4 17. cxd4 Qd7 18. d5 Nc5 19. Qc2 g6 20. Nd4 Bg7 21. Bb5 Qe7 22. Bxe8 Rxe8 23. Nb5 Ba6 24. f3 Nh5 25.
Kh1 Be5 26. Nf1 Bxh2 27. Kxh2 Nf4 28. Qd2 Nfd3 29. Re3 Qe5+ 30. Kh1 Nxb2 31. Rb1 Nc4 32. Qc3 Nxe3 33. Qxe5 Rxe5 34. Nxe3 Bxb5 35. axb5 Re8 36. g4 a4 37. Ra1 Ra8 38. Ra3 Ra5 39. Kg2 Rxb5 40.
Ra1 Rb3 41. Kf2 a3 42. g5 Rb2+ 43. Kg3 a2 0-1

[Event "Early-Titled-Tuesday-Blitz-July-09-2024"]
[Site "Chess.com"]
[Date "2024.07.09"]
[Round "3"]
[White "vladgoncharov"]
[Black "Zheenbekov86"]
[Result "0-1"]
[WhiteElo "2644"]
[BlackElo "2456"]
[TimeControl "180+1"]
[EndTime "8:29:36 PDT"]
[Termination "Zheenbekov86 won on time"]

1. d4 Nf6 2. c4 e6 3. Nc3 Bb4 4. e3 O-O 5. Ne2 d5 6. a3 Be7 7. Ng3 b6 8. cxd5 exd5 9. b4 c5 10. bxc5 bxc5 11. Be2 cxd4 12. Qxd4 Nc6 13. Qd1 d4 14.
Nb5 dxe3 15. Bxe3 Nd5 16. Bd2 a6 17. Nc3 Nd4 18. O-O Bb7 19. Re1 Bf6 20. Nxd5 Qxd5 21. Bf1 Nb3 22. Rb1 Nxd2 23. Rxb7 Qxb7 24. Qxd2 Rad8 25.
Qf4 Rfe8 26. Rxe8+ Rxe8 27. Nh5 Be5 28. Qc4 g6 29.
Ng3 Bxg3 30. hxg3 a5 31. g4 Qe7 32. Qb5 Qe5 33. Qd7 Re7 34. Qd8+ Kg7 35. g3 Rc7 36. a4 Rc3 37. Qb6 Qc5 38. Qb8 Rf3 39. Qb2+ Kg8 40.
Kg2 Rc3 0-1